Map: Winter Madness LE

Players

Kelazhur

  • Race: Terran Terran
  • League: Master
  • Spawn Location: 5:00

Zoun - Winner!

  • Race: Protoss Protoss
  • League: Master
  • Spawn Location: 11:00

VOD

Have the link to the VOD?

Description

Time

  • Played on: Jan. 30, 2026, 7:08 a.m.
  • Length: 13:11
Show
View Real Time Build Order
Export as new Build Order

Kelazhur Terran 

Build Orders:  

Get SALT Encoding   

  12  0:00  SCV  
  13  0:12  SCV  
  14  0:16  Supply Depot  
  14  0:24  SCV  
  15  0:38  SCV  
  15  0:39  Barracks  
  16  0:42  Refinery  
  16  0:50  SCV  
  17  1:02  SCV  
  18  1:14  SCV  
  19  1:27  Orbital Command  
  20  1:36  Command Center  
  19  1:40  Marine  
  20  1:51  Factory  
  20  1:53  SCV  
  21  2:02  Supply Depot  
  21  2:03  Barracks Reactor  
  21  2:08  SCV  
  22  2:15  Bunker  
  22  2:20  SCV  
  23  2:24  Refinery  
  23  2:32  SCV  
  23  2:35  Hellion  
  26  2:39  Starport  
  26  2:45  SCV  
  26  2:48  Orbital Command  
  27  2:56  Marine x2  
  27  2:57  Hyperflight Rotors  
  29  2:59  SCV  
  29  3:03  Factory Tech Lab  
  30  3:11  SCV  
  31  3:13  Marine  
  31  3:14  Marine, SCV  
  34  3:23  SCV  
  34  3:24  Supply Depot  
  34  3:26  SCV  
  36  3:35  SCV  
  36  3:36  Banshee  
  36  3:38  SCV  
  41  3:47  SCV  
  42  3:50  SCV  
  42  3:54  Marine x2  
  45  3:57  Factory Tech Lab  
  45  4:00  SCV  
  45  4:02  SCV  
  45  4:05  Barracks  
  45  4:08  Supply Depot  
  45  4:12  SCV  
  45  4:14  SCV  
  49  4:18  Banshee  
  49  4:23  Siege Tank  
  49  4:24  SCV, Supply Depot  
  54  4:29  SCV  
  54  4:30  Barracks  
  55  4:34  Supply Depot, Marine x2  
  55  4:35  Refinery  
  55  4:36  SCV  
  58  4:41  SCV  
  59  4:47  Engineering Bay  
  59  4:48  Refinery, SCV  
  59  4:52  Marine x2  
  60  4:53  SCV  
  60  4:56  Siege Tank  
  65  5:00  SCV  
  65  5:05  SCV  
  67  5:12  SCV  
  68  5:14  Starport Reactor  
  68  5:15  Terran Infantry Weapons Level 1  
  68  5:16  Marine x2  
  68  5:18  SCV, Supply Depot  
  68  5:20  Marine  
  72  5:22  Supply Depot  
  72  5:23  Stimpack  
  72  5:24  SCV  
  73  5:30  SCV  
  73  5:33  Marine x2  
  76  5:36  SCV  
  76  5:42  SCV  
  77  5:43  Marine, Supply Depot  
  77  5:46  Command Center  
  77  5:48  SCV  
  79  5:51  Supply Depot  
  79  5:53  Marine  
  79  5:54  Marauder, SCV  
  79  5:55  Medivac  
  85  5:58  Combat Shield  
  85  5:59  Factory Reactor  
  85  6:01  SCV  
  85  6:02  Medivac  
  88  6:05  Marine, Marauder  
  88  6:10  Supply Depot  
  88  6:11  Marine  
  91  6:15  Marauder  
  91  6:18  Supply Depot  
  94  6:22  SCV x2  
  96  6:28  Medivac, Marine  
  96  6:29  Marauder  
  96  6:32  Medivac  
  103  6:34  SCV x2  
  103  6:36  Supply Depot  
  105  6:40  Marine  
  105  6:41  Marauder  
  105  6:44  Widow Mine x2  
  105  6:46  SCV  
  112  6:50  SCV, Marauder  
  112  6:51  Marine  
  115  6:58  Marine, SCV  
  116  7:02  Marauder  
  116  7:04  SCV  
  116  7:09  Barracks, Terran Infantry Armor Level 1  
  116  7:10  Barracks  
  116  7:11  SCV  
  116  7:14  Marine, Marauder  
  120  7:16  Concussive Shells  
  120  7:17  SCV  
  120  7:18  Medivac  
  120  7:22  Medivac  
  125  7:27  SCV  
  125  7:29  Orbital Command  
  126  7:33  Widow Mine  
  126  7:34  Widow Mine  
  130  7:37  Armory  
  130  7:38  Engineering Bay  
  130  7:47  SCV x2, Ghost Academy  
  130  7:51  Supply Depot, Marauder x2, Marine  
  134  7:52  Supply Depot, Marine  
  134  7:56  SCV  
  139  7:59  SCV x2  
  139  8:03  Widow Mine x2  
  145  8:08  SCV  
  145  8:09  Barracks Tech Lab, Barracks Reactor  
  146  8:12  Refinery  
  146  8:14  Command Center  
  146  8:16  Refinery  
  146  8:17  Supply Depot x2  
  146  8:18  Marauder  
  146  8:19  Marauder  
  149  8:20  Marine x2  
  149  8:24  Widow Mine x2  
  150  8:28  Marauder  
  150  8:32  SCV  
  150  8:34  SCV  
  150  8:38  Terran Infantry Weapons Level 2, Marine x3  
  150  8:40  Marine, Viking  
  156  8:48  Marine x2  
  146  8:49  Marine  
  147  8:56  Marine x2, Ghost, Viking  
  147  8:57  Ghost  
  150  9:04  Starport  
  150  9:07  Ghost  
  150  9:08  Terran Infantry Armor Level 2  
  152  9:10  Marine x2  
  154  9:18  Missile Turret  
  154  9:19  Viking  
  154  9:20  Marine x2  
  156  9:24  Supply Depot  
  156  9:25  Supply Depot  
  156  9:26  Marauder, Viking  
  160  9:32  Ghost, Marine x2  
  163  9:38  SCV x2  
  163  9:39  SCV, Supply Depot  
  163  9:44  Marine x2  
  163  9:45  Marauder  
  170  9:46  Viking x2  
  170  9:47  Marauder  
  170  9:50  Marine  
  175  9:59  Viking x2  
  179  10:02  Marine  
  179  10:03  Marauder  
  179  10:04  Refinery  
  182  10:10  Marine x2, Marauder x2  
  188  10:18  Marine  
  177  10:24  Marauder  
  171  10:35  Viking x2  
  177  10:39  Medivac x2  
  177  10:42  Ghost  
  179  10:43  Marine x4, Marauder  
  179  10:46  SCV  
  188  10:52  SCV  
  188  10:54  Missile Turret  
  188  10:56  Missile Turret  
  189  11:06  Marine x2  
  189  11:07  Marauder  
  193  11:16  Viking  
  195  11:20  Viking x2  
  195  11:21  Viking  
  195  11:25  Marauder  
  173  11:26  Marine x2, Marauder  
  173  11:27  Marine  
  173  11:28  Marine  
  167  11:35  Planetary Fortress  
  166  11:41  SCV x3  
  166  11:46  Viking  
  171  11:49  Ghost, Marine  
  171  11:50  Marine x3, Marauder x2  
  181  12:06  Liberator x3  
  190  12:11  Refinery, Marauder  
  190  12:12  Refinery  
  190  12:13  Missile Turret  
  190  12:14  Marine, Marauder  
  184  12:29  Command Center  
  180  12:30  Marine  
  180  12:31  Marauder  
  180  12:33  Marauder  
  181  12:39  Marine  
  181  12:40  Marine, Marauder  
  171  12:46  SCV x3  
  171  12:47  Marine x2  
Show
View Real Time Build Order
Export as new Build Order

Zoun Protoss - Winner!

Build Orders: 1 Gate Expand, Blink Stalkers, Colossus Rush 

Get SALT Encoding   

  12  0:00  Probe  
  13  0:12  Probe  
  14  0:18  Pylon  
  14  0:24  Probe  
  15  0:32  Probe  
  15  0:37  Gateway  
  15  0:40  Probe  
  16  0:45  Assimilator  
  17  0:50  Probe  
  18  1:03  Probe  
  19  1:15  Probe  
  20  1:26  Cybernetics Core  
  20  1:35  Nexus  
  20  1:39  Pylon  
  20  1:42  Probe  
  21  1:49  Assimilator  
  21  1:52  Adept  
  21  1:54  Probe  
  22  2:04  Warp Gate  
  22  2:06  Probe  
  25  2:12  Adept  
  25  2:18  Probe  
  28  2:25  Twilight Council  
  28  2:30  Probe  
  29  2:39  Stalker  
  29  2:43  Probe  
  31  2:46  Probe  
  31  2:48  Blink  
  31  2:51  Probe  
  34  2:58  Probe  
  35  3:09  Probe  
  35  3:11  Probe  
  37  3:13  Gateway  
  37  3:21  Probe  
  37  3:24  Probe  
  37  3:25  Robotics Facility  
  39  3:33  Probe  
  40  3:35  Gateway  
  40  3:36  Probe  
  40  3:39  Pylon  
  41  3:46  Probe  
  42  3:48  Probe  
  42  3:49  Shield Battery  
  42  3:51  Stalker  
  45  3:58  Probe  
  45  4:01  Pylon  
  46  4:03  Probe  
  46  4:07  Stalker  
  49  4:12  Probe, Observer  
  49  4:14  Stalker  
  49  4:17  Pylon, Probe  
  54  4:27  Nexus  
  54  4:31  Assimilator  
  54  4:33  Stalker  
  54  4:34  Observer  
  57  4:39  Probe x2  
  57  4:42  Charge  
  57  4:43  Pylon  
  59  4:50  Stalker  
  59  4:51  Probe  
  62  5:01  Pylon  
  62  5:02  Stalker  
  62  5:03  Probe  
  62  5:04  Probe  
  66  5:11  Gateway  
  66  5:12  Gateway  
  66  5:14  Probe x2  
  66  5:21  Observer  
  68  5:22  Probe x2  
  68  5:25  Robotics Bay  
  70  5:30  Probe, Gateway  
  70  5:31  Probe  
  72  5:36  Stalker  
  72  5:42  Probe x2  
  75  5:43  Probe  
  77  5:53  Gateway  
  77  5:54  Probe x2, Gateway  
  77  5:55  Probe, Forge  
  80  5:58  Colossus, Observer  
  80  6:03  Shield Battery  
  80  6:05  Pylon  
  80  6:07  Sentry  
  82  6:13  Protoss Ground Weapons Level 1, Pylon  
  88  6:18  Pylon  
  88  6:20  Extended Thermal Lance  
  88  6:22  Probe x3  
  91  6:29  Photon Cannon  
  91  6:36  Nexus  
  91  6:38  Pylon  
  89  6:49  Probe x2  
  89  6:50  Observer, Stalker x2  
  93  6:56  Probe  
  93  6:58  Colossus  
  94  7:03  Probe x2  
  94  7:04  Shield Battery  
  94  7:06  Photon Cannon  
  96  7:11  Zealot x6  
  114  7:16  Probe x2  
  114  7:22  Forge  
  116  7:24  Photon Cannon  
  116  7:28  Probe x3  
  119  7:32  Observer  
  119  7:36  Zealot x4, Protoss Ground Armor Level 1  
  127  7:40  Probe x2  
  127  7:41  Probe  
  127  7:42  Warp Prism  
  130  7:45  Protoss Ground Weapons Level 2  
  130  7:47  Pylon  
  130  7:48  Probe  
  131  7:52  Probe  
  131  7:53  Probe  
  131  7:57  Sentry  
  137  8:01  Probe x2  
  137  8:03  Zealot x4  
  137  8:04  Probe  
  148  8:10  Gateway x2  
  144  8:32  Observer  
  144  8:33  Nexus  
  144  8:34  Pylon  
  144  8:35  Zealot x6  
  144  8:40  Pylon  
  156  8:41  Pylon x3  
  144  8:49  Stalker x2  
  144  8:52  Immortal  
  152  8:56  Stalker x3  
  152  8:57  Zealot x3  
  164  9:04  Zealot x2  
  164  9:08  Probe x2  
  170  9:13  Protoss Ground Armor Level 2  
  170  9:18  Zealot x7  
  170  9:19  Zealot  
  186  9:25  Probe x2  
  186  9:26  Probe  
  186  9:29  Gateway  
  186  9:30  Protoss Ground Weapons Level 3  
  189  9:31  Gateway  
  189  9:36  Zealot x2  
  189  9:37  Observer  
  193  9:40  Zealot  
  195  9:50  Zealot x2  
  198  10:02  Gateway  
  198  10:03  Gateway  
  198  10:05  Gateway  
  198  10:08  Gateway  
  198  10:21  Stalker x4, Zealot x6  
  184  10:31  Probe  
  184  10:32  Probe, Robotics Facility  
  184  10:33  Shield Battery  
  184  10:35  Photon Cannon, Disruptor  
  186  10:42  Zealot x5  
  200  10:43  Nexus  
  200  10:53  Pylon  
  200  11:02  Nexus  
  198  11:05  Nexus  
  198  11:16  Disruptor  
  198  11:17  Zealot  
  200  11:19  Pylon  
  200  11:20  Colossus  
  200  11:23  Zealot x12  
  200  11:24  Zealot x3  
  156  11:43  Zealot x8  
  156  11:44  Zealot x8, Disruptor  
  184  12:03  Stalker x2  
  184  12:04  Stalker x2, Zealot x4  
  190  12:25  Zealot x2  
  190  12:26  Zealot x5  
  199  12:35  Zealot x6  
  199  12:36  Zealot x2  
  191  12:54  Zealot x3  
  187  12:59  Zealot  
  187  13:00  Zealot x7  
Tags
 
Add a new tag
Caveats
  • Supply blocks, unpowered buildings, or Contaminate may cause inaccurate times.
  • Supply counts are checked every 10 seconds.